 Dungeon Crawl Stone Soup version 0.32-a0-86-g8db1b9f803 (webtiles) character file.

Game seed: 1483768109927380595

52 Atlas the Firebug (level 3, -3/19 HPs)
             Began as a Deep Elf Fire Elementalist on Feb 6, 2024.
             Slain by an orc
             ... wielding a +0 falchion
              (7 damage)
             ... on level 1 of the Dungeon.
             The game lasted 00:01:00 (1026 turns).

Atlas the Firebug (Deep Elf Fire Elementalist)      Turns: 1026, Time: 00:01:00

Health: -3/19      AC:  3    Str:  7    XL:     3   Next: 60%
Magic:  0/10       EV: 12    Int: 19    God:
Gold:   24         SH:  0    Dex: 15    Spells: 7/10 levels left

rFire   . . .        (no weapon)
rCold   . . .        (no shield)
rNeg    . . .        g - +0 leather armour
rPois   .            (no helmet)
rElec   .            (no cloak)
rCorr   .            (no gloves)
SInv    .            (no boots)
Will    .....        (no amulet)
Stlth   ++           (no ring)
HPRegen 0.23/turn    (no ring)
MPRegen 0.12/turn

%: no passive effects
@: no status effects
A: no striking features
a: no special abilities


You were on level 1 of the Dungeon.
You visited 1 branch of the dungeon, and saw 2 of its levels.

You collected 24 gold pieces.

Inventory:

Armour
 g - a +0 leather armour (worn)
Potions
 b - a potion of magic
 c - a potion of degeneration {unknown}
 e - a potion of might {unknown}
 f - a potion of resistance {unknown}


   Skills:
 + Level 2.6 Dodging
 + Level 2.7 Stealth
 + Level 4.0 Spellcasting
 + Level 1.4 Conjurations
 + Level 4.2 Fire Magic


You had 7 spell levels left.
You knew the following spells:

 Your Spells              Type           Power      Damage    Failure   Level
a - Scorch                Fire           38%        2d6       5%          2
b - Foxfire               Conj/Fire      56%        2x1d6     6%          1

Your spell library contained the following spells:

 Spells                   Type           Power      Damage    Failure   Level
 Inner Flame              Hex/Fire       11%        N/A       26%         3
 Volatile Blastmotes      Fire/Tloc      22%        2d11      26%         3
 Flame Wave               Conj/Fire      14%        2d6       54%         4


Dungeon Overview and Level Annotations

Branches:
Dungeon (2/15)

Altars:


Message History

Beogh smites you!
Ouch! That really hurt!
* * * LOW HITPOINT WARNING * * *
You are too injured to fight recklessly!
Your foxfire dissipates!
The foxfire hits the orc priest.
The orc priest is almost dead.
Things that are here:
a scroll labelled MYRUAL KYRCHOTH; a +0 robe
Casting: Foxfire (safe; 9% risk of failure)
Confirm with . or Enter, or press ? or * to list all spells.
Flames lash the orc priest.
You kill the orc priest!
Your Spellcasting skill increases to level 4!
Your Fire Magic skill increases to level 4!
You have reached level 3!
Your experience leads to an increase in your attributes!
Increase (S)trength, (I)ntelligence, or (D)exterity?
You feel stronger. x2
The orc attacks as it pursues you! The orc misses you.
The orc barely misses you. The orc attacks as it pursues you!
The orc hits you with a +0 falchion.
* * * LOW HITPOINT WARNING * * *
The orc attacks as it pursues you! The orc barely misses you.
The orc attacks as it pursues you! The orc completely misses you.
There is a stone staircase leading up here.
You climb upwards.
There is a stone staircase leading down here.
Casting: Scorch (safe; 5% risk of failure)
Confirm with . or Enter, or press ? or * to list all spells.
Flames lash the orc.
The orc is moderately wounded.
The orc's fire resistance burns away.
The orc barely misses you.
Unknown command.
Casting: Scorch (safe; 5% risk of failure)
Confirm with . or Enter, or press ? or * to list all spells.
Flames lash the orc.
The orc is heavily wounded.
The orc hits you with a +0 falchion!
You die...

####### #########.....#
#....o........#
#.....@.......#
#.............# #######
#..........#### #......
#.............# #......
#..........##.###......
#........####..........
##.###'#.# ####.......
#.###.#.# ##......
#.......# #......


You could see an orc (combustible).

Vanquished Creatures
  An orc priest (D:2)
  2 dart slugs (D:1)
  2 ball pythons
  An endoplasm (D:1)
  A giant cockroach (D:1)
  3 goblins
  A hobgoblin (D:1)
  A kobold (D:1)
  3 bats (D:1)
  A frilled lizard (D:1)
  A rat (D:1)
17 creatures vanquished.

Vanquished Creatures (others)
  64 foxfires
64 creatures vanquished.

Grand Total: 81 creatures vanquished

Notes
Turn   | Place    | Note
-------+----------+-------------------------------------------
     0 | D:1      | Atlas the Deep Elf Fire Elementalist began the quest for
                  | the Orb.
     0 | D:1      | Reached XP level 1. HP: 10/10 MP: 6/6
   291 | D:1      | Reached XP level 2. HP: 15/15 MP: 2/8
   347 | D:1      | Learned a level 2 spell: Scorch
  1014 | D:2      | Reached XP level 3. HP: 2/19 MP: 2/10
  1026 | D:1      | Slain by an orc

Illustrated notes

Levels and vault maps discovered:
D:1:      nicolae_arrival_memento_mori, layout_basic
D:2:      layout_basic, dreamdust_ecumenical_altar_statues, uniq_jessica

Skill      XL: |  1  2 |
---------------+-------+-----
Spellcasting   | 4 |  4.0
Fire Magic     | 4 |  4.2
Dodging        | |  2.6
Stealth        | |  2.7
Conjurations   | |  1.4

Action                     || total
---------------------------++-------
  Melee: Unarmed           ||     1
   Cast: Foxfire           ||    36
         Scorch            ||     9
 Armour: Robe              ||     3
         Leather armour    ||     2
  Dodge: Dodged            ||     7

Table legend: (Time is in decaauts)
 A = Elapsed time spent in this place.
 B = Non-inter-level travel time spent in this place.
 C = Inter-level travel time spent in this place.
 D = Time resting spent in this place.
 E = Time spent auto-exploring this place.
 F = Levels seen in this place.
 G = Mean time per level.
                   A        B        C        D        E       F      G
               +--------+--------+--------+--------+--------+-----+--------+
         Total |   1026 |    970 |     56 |      0 |    846 |   2 |  513.0 |
       Dungeon |   1026 |    970 |     56 |      0 |    846 |   2 |  513.0 |
               +--------+--------+--------+--------+--------+-----+--------+

Top non-repeatable levels by time:
     D:1: 918 daAuts
     D:2: 107 daAuts
